 Dungeon Crawl Stone Soup version 0.25.0-26-g0c896c7088 (webtiles) character file.

Game seed: 9015204997694598824

3471 Delamore the Basher (level 10, -29/56 HPs)
             Began as a Gargoyle Fighter on July 1, 2020.
             Was a Follower of Okawaru.
             Annihilated by an orc knight
             ... wielding a +0 glaive
              (34 damage)
             ... in a bailey.
             The game lasted 00:13:20 (8106 turns).

Delamore the Basher (Gargoyle Fighter)              Turns: 8106, Time: 00:13:20

Health: -29/56     AC: 17    Str: 23    XL:     10   Next: 6%
Magic:  10/10      EV:  7    Int:  9    God:    Okawaru [*.....]
Gold:   310        SH:  9    Dex:  9    Spells: 9/9 levels left

rFire    . . .     SeeInvis .   F - +0 flail (protect)
rCold    . . .     Gourm    .   c - +0 kite shield
rNeg     + . .     Faith    .   b - +0 scale mail
rPois    ∞         Spirit   .   M - +0 helmet
rElec    +         Reflect  .   t - +0 cloak
rCorr    .         Harm     .   (no gloves)
MR       .....                  l - +0 pair of boots
Stlth    ..........             (no amulet)
HPRegen  0.18/turn              (no ring)
MPRegen  0.12/turn              (no ring)

@: mighty
A: negative energy resistance 1, electricity resistance, unbreathing,
petrification resistance, rot immunity, AC +7
a: Heroism, Renounce Religion


You were in a bailey.
You worshipped Okawaru.
Okawaru was aware of your devotion.
You were not hungry.

You visited 2 branches of the dungeon, and saw 9 of its levels.
You also visited: Bailey.

You collected 397 gold pieces.
You spent 87 gold pieces at shops.

Inventory:

Hand Weapons
 a - a +0 flail
 F - a +0 flail of protection (weapon)
 K - a +0 morningstar
Missiles
 w - 13 poisoned darts (quivered)
 E - 6 throwing nets
Armour
 b - a +0 scale mail (worn)
 c - a +0 kite shield (worn)
 l - a +0 pair of boots (worn)
 t - a +0 cloak (worn)
 x - a +0 plate armour
 H - a +0 crystal plate armour
 M - a +0 helmet (worn)
Jewellery
 y - an uncursed ring of ice
 B - an uncursed ring of poison resistance {unknown}
Wands
 v - a wand of disintegration (18)
 I - a wand of polymorph (7)
Scrolls
 d - a scroll of summoning {unknown}
 e - 2 scrolls of magic mapping
 g - 5 scrolls of enchant armour {unknown}
 h - a scroll of immolation {unknown}
 i - 4 scrolls of enchant weapon {unknown}
 j - 4 scrolls of remove curse
 k - 3 scrolls of amnesia
 n - 2 scrolls of teleportation
 o - 5 scrolls of identify {unknown}
 z - a scroll of random uselessness
 J - a scroll of noise {unknown}
Potions
 m - a potion of haste {unknown}
 p - a potion of heal wounds {unknown}
 q - 2 potions of stabbing {unknown}
 r - 3 potions of curing {unknown}
 s - a potion of degeneration {unknown}
 u - a potion of lignification {unknown}
 C - a potion of ambrosia {unknown}
 D - a potion of magic {unknown}
 G - a potion of resistance {unknown}
 L - 2 potions of brilliance {unknown}
Comestibles
 f - 12 rations
 N - 3 chunks of flesh


   Skills:
 - Level 3.5 Fighting
 + Level 13.5 Maces & Flails
 - Level 3.2 Armour
 - Level 3.2 Shields


You had 9 spell levels left.
You didn't know any spells.
Your spell library contained the following spells:

 Spells                   Type           Power        Failure   Level  Hunger
 Sting                    Tmut/Pois      #...         99%         1    ##.....
 Poisonous Vapours        Pois/Air       #.....       100%        2    ###....
 Ignite Poison            Fire/Tmut/Pois #.......     100%        3    ####...
 Mephitic Cloud           Conj/Pois/Air  #.......     100%        3    ####...
 Olgreb's Toxic Radiance  Pois           #.......     100%        4    #####..


Dungeon Overview and Level Annotations

Branches:
Dungeon (8/15)             Temple (1/1) D:6            Lair (0/6) D:8
 Bailey (1/1)

Altars:
Ashenzari
Cheibriados
Dithmenos
Elyvilon
Fedhas
Hepliaklqana
Nemelex Xobeh
Okawaru
Qazlal
Ru
Sif Muna
Trog
Uskayaw
Vehumet
Wu Jian
Xom
Yredelemnul
Zin
The Shining One

Shops:
D:4 ?   D:6 }

Annotations:
D:5 2 transporters, Froggeryz's ghost, novice MiGl


Innate Abilities, Weirdness & Mutations

You are resistant to torment.
Your stone body is resilient. (AC +7)
You are immune to poison.
You resist negative energy. (rN+)
You are resistant to electric shocks. (rElec)
You can survive without breathing.
You are immune to petrification.
You are immune to rotting.


Message History

As you read the scroll of fear, it crumbles to dust.
You assume a fearsome visage.
The orc knight looks frightened! x2
The orc warrior looks frightened!
The orc knight cries, "Help!"
You see here a scroll labeled UPEUSK ROMUTT.
d - a scroll labeled UPEUSK ROMUTT Cornered, the orc knight turns to fight!
The orc warrior no longer looks unusually strong.
Cornered, the orc warrior turns to fight!
The orc knight hits you from afar with a +0 glaive.
* * * LOW HITPOINT WARNING * * *
You see here a scroll labeled EGHUFI OLUKU.
g - 5 scrolls labeled EGHUFI OLUKU (gained 1)
The orc knight roars a battlecry!
The orc warrior goes into a battle-frenzy!
The orc warrior hits you from afar with a +0 halberd.
* * * LOW HITPOINT WARNING * * *
The orc knight hits you from afar with a +0 glaive!!
Ouch! That really hurt!
You die...

############
##..........##
+...........o#
+............#
+.........@.∩#
+........??..#
+..........o.#
##....).....##
############


You could see an orc knight (strong) and an orc warrior (strong).

Vanquished Creatures
  An orc knight (Bailey)
  Sigmund (D:5)
  Eustachio (D:4)
  2 ice beasts
  2 sky beasts (D:6)
  2 ogres
  A black bear (D:7)
  A centaur (D:7)
  A phantom (Temple)
  A crocodile (D:7)
  4 bullfrogs
  Blork the orc (D:6)
  4 scorpions
  3 howler monkeys
  7 crimson imps
  4 orc wizards
  2 bullfrog zombies (D:6)
  2 orc priests
  Crazy Yiuf (D:3)
  A gnoll shaman (D:4)
  2 hounds
  A bullfrog skeleton (D:6)
  10 worker ants
  A killer bee zombie (D:6)
  2 hound skeletons (D:4)
  2 worker ant zombies
  17 gnolls
  9 adders
  A howler monkey skeleton (D:6)
  A shadow imp (D:6)
  2 adder skeletons
  3 worms
  3 dart slugs
  4 leopard geckos
  26 orcs
  A ball python (D:2)
  7 bats
  7 giant cockroaches
  5 goblins
  4 hobgoblins
  8 jackals
  3 quokkas
  4 frilled lizards
  A giant cockroach zombie (D:5)
  6 kobolds
  A leopard gecko skeleton (D:7)
  2 quokka skeletons
  5 rats
180 creatures vanquished.

Vanquished Creatures (others)
  6 fungi (D:8)
6 creatures vanquished.

Grand Total: 186 creatures vanquished

Notes
Turn   | Place    | Note
-------+----------+-------------------------------------------
     0 | D:1      | Delamore the Gargoyle Fighter began the quest for the Orb.
     0 | D:1      | Reached XP level 1. HP: 14/14 MP: 1/1
    56 | D:1      | Reached XP level 2. HP: 18/19 MP: 2/2
   184 | D:1      | Reached skill level 3 in Maces & Flails
   289 | D:1      | Reached XP level 3. HP: 21/23 MP: 3/3
   749 | D:2      | Reached skill level 4 in Maces & Flails
   872 | D:2      | Reached XP level 4. HP: 22/28 MP: 4/4
   955 | D:2      | You fall into a shaft and drop 2 floors!
  1080 | D:4      | Reached skill level 5 in Maces & Flails
  1164 | D:4      | Reached XP level 5. HP: 32/32 MP: 5/5
  2057 | D:3      | Found a shimmering blue altar of Sif Muna.
  2229 | D:3      | Found a runed translucent door.
  2230 | D:3      | Noticed Crazy Yiuf
  2247 | D:3      | Reached skill level 6 in Maces & Flails
  2518 | D:3      | Killed Crazy Yiuf
  2518 | D:3      | Reached XP level 6. HP: 34/37 MP: 6/6
  3085 | D:3      | Noticed an angel
  3086 | D:3      | Found a glowing silver altar of Zin.
  3109 | D:4      | Found Datugec's Magic Scroll Shop.
  3113 | D:4      | Bought a scroll of random uselessness for 11 gold pieces
  3113 | D:4      | Bought a scroll of magic mapping for 38 gold pieces
  3113 | D:4      | Bought a scroll of fear for 38 gold pieces
  3386 | D:4      | Noticed Eustachio
  3406 | D:4      | Reached skill level 7 in Maces & Flails
  3478 | D:4      | Killed Eustachio
  3478 | D:4      | Reached XP level 7. HP: 15/41 MP: 7/7
  3883 | D:4      | Reached skill level 8 in Maces & Flails
  4405 | D:4      | Found a hide-covered altar of Uskayaw.
  4418 | D:4      | Found a shimmering altar of Xom.
  4479 | D:4      | Reached skill level 9 in Maces & Flails
  4479 | D:4      | Reached XP level 8. HP: 43/46 MP: 8/8
  4570 | D:5      | Entered Level 5 of the Dungeon
  4586 | D:5      | Noticed Sigmund
  4602 | D:5      | Killed Sigmund
  5010 | D:5      | Reached skill level 10 in Maces & Flails
  5169 | D:5      | Noticed a hornet
  5184 | D:5      | Noticed Froggeryz's ghost (novice MiGl)
  5190 | D:5      | Found a transporter.
  5196 | D:5      | Found a transporter.
  5651 | D:6      | Found a sparkling altar of Nemelex Xobeh.
  5889 | D:5      | Reached skill level 11 in Maces & Flails
  5896 | D:5      | Reached XP level 9. HP: 31/51 MP: 9/9
  6118 | D:6      | Found a staircase to the Ecumenical Temple.
  6134 | Temple   | Entered the Ecumenical Temple
  6290 | Temple   | Became a worshipper of Warmaster Okawaru
  6466 | D:6      | Found Vosiwale's Gadget Shop.
  6527 | D:6      | Found a bloodstained altar of Trog.
  6527 | D:6      | Noticed Blork the orc
  6665 | D:6      | Killed Blork the orc
  6667 | D:6      | Reached skill level 12 in Maces & Flails
  7008 | D:7      | Reached * piety under Okawaru
  7127 | D:7      | Found a shattered altar of Ashenzari.
  7735 | D:7      | Reached skill level 13 in Maces & Flails
  8044 | D:8      | Found a flagged portal.
  8071 | Bailey   | Entered a bailey
  8083 | Bailey   | Noticed an orc knight
  8083 | Bailey   | Noticed an orc knight
  8084 | Bailey   | Noticed an orc knight
  8090 | Bailey   | Killed an orc knight
  8090 | Bailey   | Reached XP level 10. HP: 33/56 MP: 8/10
  8106 | Bailey   | Annihilated by an orc knight

Illustrated notes

Levels and vault maps discovered:
D:1:      ncdulo_watergridlock, layout_rooms, serial_park_tiny_pond
D:2:      layout_basic, first_ration
D:3:      layout_rooms, led_sif_book, zin_angel, kennysheep_generic_room_12,
          uniq_crazy_yiuf_cottage
D:4:      layout_gridville, lemuel_crystal_altar, serial_shops,
          nicolae_shop_competitors_out_of_business, minmay_misc_feat_diagonals,
          grunt_ministairs_6, led_xom_imps, uniq_eustachio
D:5:      layout_basic, gammafunk_ghost_hive, uniq_sigmund
D:6:      layout_basic, minmay_temple_entry_glass, basic_altar, serial_shops,
          shop, nemelex_xobeh_ov_fountains_minmay, uniq_blork_the_orc
D:7:      layout_loops_ring, cheibrodos_ashenzari_chains
D:8:      layout_basic, due_lair_maze_entry_diamond,
          lightli_bailey_entry_fortress
Temple:   regret_index_temple_waves
Bailey:   bailey_polearm_5, bailey

Skill      XL: |  1  2  3  4  5  6  7  8  9 |
---------------+----------------------------+-----
Maces & Flails | 3 4 5 6 7 9 11 13 | 13.5
Fighting       | |  3.5
Armour         | |  3.2
Shields        | |  3.2

Action                   |  1- 3 |  4- 6 |  7- 9 | 10-12 || total
-------------------------+-------+-------+-------+-------++-------
Melee: Flail             |   141 |   282 |   553 |       ||   976
       Unarmed           |       |       |     3 |       ||     3
Throw: Dart              |       |       |     6 |       ||     6
       Throwing net      |       |       |     2 |       ||     2
Invok: Heroism           |       |       |     2 |       ||     2
  Use: Scroll            |       |       |     4 |     2 ||     6
       Potion            |       |       |     1 |       ||     1
  Eat: Chunk             |       |     8 |    13 |       ||    21
       Ration            |       |       |     1 |       ||     1
Armor: Scale mail        |    83 |   231 |   320 |     1 ||   635
Dodge: Dodged            |    59 |   125 |   192 |       ||   376
Block: Kite shield       |    90 |   193 |   294 |     1 ||   578
